 Dungeon Crawl Stone Soup version 0.24-a0-217-g1152973720 (webtiles) character file.

Game seed: 9728590706715824626

28 Redear the Magician (level 3, -3/24 HPs)
             Began as a Mummy Wizard on Mar 30, 2019.
             Slain by a goblin
             ... wielding a +0 dagger
             ... led by Robin
              (5 damage)
             ... on level 1 of the Dungeon.
             The game lasted 00:03:49 (1531 turns).

Redear the Magician (Mummy Wizard)                  Turns: 1531, Time: 00:03:50

Health: -3/24      AC:  2    Str: 10    XL:     3   Next: 0%
Magic:  5/9        EV: 12    Int: 18    God:
Gold:   47         SH:  0    Dex: 10    Spells: 6/11 levels left

rFire    x . .     SeeInvis .   c - +0 club
rCold    + . .     Gourm    .   (no shield)
rNeg     + + +     Faith    .   a - +0 robe
rPois    ∞         Spirit   .   b - +0 hat
rElec    .         Reflect  .   h - scarf {repulsion} {rMsl}
rCorr    .         Harm     .   (no gloves)
MR       .....                  (no boots)
Stlth    ++........             (no amulet)
HPRegen  0.08/turn              (no ring)
MPRegen  0.11/turn              (no ring)

@: repel missiles
A: no food or potions, fire vulnerability, cold resistance 1, negative energy
resistance 3, torment resistance, unbreathing
a: no special abilities


You were on level 1 of the Dungeon.
You were not hungry.

You visited 1 branch of the dungeon, and saw 2 of its levels.

You collected 47 gold pieces.

Inventory:

Hand Weapons
 c - a +0 club (weapon)
 i - a +0 hunting sling
Missiles
 Q - 64 stones (quivered)
Armour
 a - a +0 robe (worn)
 b - a +0 hat (worn)
 h - a scarf of repulsion (worn) {rMsl}
Scrolls
 d - a scroll of random uselessness {unknown}
 e - a scroll of blinking {unknown}
 f - a scroll of teleportation {unknown}


   Skills:
 - Level 1.5 Dodging
 - Level 1.5 Stealth
 - Level 4.5 Spellcasting
 + Level 1.6 Conjurations
 + Level 1.0 Summonings
 + Level 1.0 Translocations


You had 6 spell levels left.
You knew the following spells:

 Your Spells              Type           Power        Failure   Level  Hunger
a - Magic Dart            Conj           ##..         7%          1    N/A
b - Blink                 Tloc           N/A          14%         2    N/A
c - Call Imp              Summ           #.......     14%         2    N/A

Your spell library contained the following spells:

 Spells                   Type           Power        Failure   Level  Hunger
 Slow                     Hex            #.......     22%         2    N/A
 Conjure Flame            Conj/Fire      #.......     30%         3    N/A
 Mephitic Cloud           Conj/Pois/Air  #.......     32%         3    N/A

Dungeon Overview and Level Annotations

Branches:
Dungeon (2/15)

Altars:

Annotations:
D:1 Robin


Innate Abilities, Weirdness & Mutations

You do not eat or drink.
Your flesh is vulnerable to fire.
You are immune to poison.
Your flesh is cold resistant. (rC+)
You are immune to negative energy. (rN+++)
You are immune to unholy pain and torment.
You can survive without breathing.


Message History

You take 2 damage, and have 3/24 hp.
You now have 4/9 mp.
Unknown command.
Unknown command.
You swap places.
Robin hits your crimson imp with a +0 club.
You see here 27 sling bullets.
Unknown command.
Your crimson imp blinks!
Robin throws the goblin at you! The goblin hits you with a +0 dagger.
* * * LOW HITPOINT WARNING * * *
You take 1 damage, and have 2/24 hp.
You can't drink.
Unknown command.
Okay, then.
You can't drink.
Unknown command.
As you read the scroll labeled MEIGHE RICSA, it crumbles to dust.
You hear a loud clanging noise!
It was a scroll of noise.
The goblin hits you with a +0 dagger.
You die...

#.# #.# #^# ###.#
######.# #.# ..#.#
#......# #.# ..#.#
#......# #.#
..#.###......# #.#
..#...#..5...###.########
.)'..)......>†g§(.......#
.##...####.#####g########
.##......#.#####@#
.##...........##g#
.##......#.##.##.#
.##...####.##.##.#
.##...# #.##.##.# .##...#
#.##.##.# .######
##'##'##.# ## #......#.#
#......#.#


You could see Robin and a goblin.

Levels and vault maps discovered:
D:1:      dpeg_arrival_signposts, layout_basic, minmay_tromino_i2
D:2:      layout_loops_ring, uniq_robin

Notes
Turn   | Place    | Note
-------+----------+-------------------------------------------
     0 | D:1      | Redear the Mummy Wizard began the quest for the Orb.
     0 | D:1      | Reached XP level 1. HP: 13/13 MP: 5/5
    79 | D:1      | Reached skill level 1 in Conjurations
    97 | D:1      | Identified a +0 club
   281 | D:1      | Reached XP level 2. HP: 10/19 MP: 1/7
   377 | D:1      | Identified a +0 club
   698 | D:1      | Identified a +0 club
   836 | D:1      | Learned a level 2 spell: Call Imp
   839 | D:1      | Learned a level 2 spell: Blink
   883 | D:2      | Identified a scarf of repulsion (You found it on level 2 of
                  | the Dungeon)
   893 | D:2      | Identified a +0 club
   894 | D:2      | Identified a +0 dagger
   894 | D:2      | Identified a +0 club
   894 | D:2      | Identified a +0 hunting sling
   896 | D:2      | Identified a +0 dagger
   897 | D:2      | Identified a +0 club
   897 | D:2      | Identified a +0 animal skin
   897 | D:2      | Identified a +0 helmet
   897 | D:2      | Noticed Robin
   898 | D:2      | Identified a +0 dagger
   898 | D:2      | Identified a +0 club
   898 | D:2      | Identified a +0 dagger
   899 | D:2      | Identified a +0 dagger
   899 | D:2      | Identified a +0 hunting sling
   938 | D:1      | HP: 1/19 [goblin/+0 dagger[Robin] (5)]
  1261 | D:1      | HP: 3/19 [goblin/stone[Robin] (3)]
  1268 | D:1      | Reached skill level 1 in Summonings
  1268 | D:1      | Reached skill level 1 in Translocations
  1522 | D:2      | Reached XP level 3. HP: 12/24 MP: 6/9
  1522 | D:2      | HP: 5/24 [goblin/+0 dagger[Robin] (7)]
  1530 | D:1      | HP: 2/24 [goblin/+0 dagger[Robin] (1)]
  1531 | D:1      | Identified a scroll of noise
  1531 | D:1      | Slain by a goblin

Table legend:
 A = Turns spent in this place as a percentage of turns spent in the entire game.
 B = Non-inter-level travel turns spent in this place as a percentage of non-inter-level travel turns spent in the entire game.
 C = Inter-level travel turns spent in this place as a percentage of turns spent in this place.
 D = Turns resting spent in this place as a percentage of non-inter-level travel turns spent in this place.
 E = Turns spent auto-exploring this place as a percentage of non-inter-level travel turns spent in this place.
 F = Non-inter-level travel turns spent in this place divided by the number of levels of this place that you've seen.
                   A       B       C       D       E      F
               +-------+-------+-------+-------+-------+----------------------
         Total | 100.0 | 100.0 |   1.4 |  37.5 |  44.2 | 755.0
       Dungeon | 100.0 | 100.0 |   1.4 |  37.5 |  44.2 | 755.0
               +-------+-------+-------+-------+-------+----------------------

Table legend:
 A = Kills in this place as a percentage of kills in entire the game.
 B = Kills by you in this place as a percentage of kills by you in the entire game.
 C = Kills by friends in this place as a percentage of kills by friends in the entire game.
 D = Other kills in this place as a percentage of other kills in the entire game.
 E = Experience gained in this place as a percentage of experience gained in the entire game.
 F = Experience gained in this place divided by the number of levels of this place that you have seen.
                   A       B       C       D       E      F
               +-------+-------+-------+-------+-------+----------------------
         Total | 100.0 | 100.0 | 100.0 |   N/A | 100.0 |  20.5
       Dungeon | 100.0 | 100.0 | 100.0 |   N/A | 100.0 |  20.5
               +-------+-------+-------+-------+-------+----------------------

Skill      XL: |  1  2 |
---------------+-------+-----
Conjurations   | 1 |  1.6
Summonings     | 1 |  1.0
Translocations | 1 |  1.0
Dodging        | |  1.5
Stealth        | |  1.5
Spellcasting   | |  4.5

Action                   || total
-------------------------++-------
Melee: Unarmed           ||    19
       Club              ||    17
 Cast: Magic Dart        ||    45
       Call Imp          ||     5
  Use: Scroll            ||     1
Armor: Robe              ||    10
Dodge: Dodged            ||    35
       Deflected         ||     5

Vanquished Creatures
  A dart slug (D:1)
  2 leopard geckos (D:1)
  A giant cockroach (D:2)
  6 goblins
  2 hobgoblins (D:1)
  A kobold (D:1)
  3 bats (D:1)
  2 rats (D:1)
18 creatures vanquished.

Vanquished Creatures (collateral kills)
  4 goblins
4 creatures vanquished.

Grand Total: 22 creatures vanquished
